 Dungeon Crawl Stone Soup version 0.19-a0-892-g8a19e52 (webtiles) character file.

97 Gagarin the Conjurer (level 4, -5/33 HPs)
             Began as a Draconian Conjurer on July 4, 2016.
             Killed by divine providence
             ... invoked by an orc priest
              (16 damage)
             ... on level 3 of the Dungeon.
             The game lasted 00:08:09 (2461 turns).

Gagarin the Conjurer (Draconian Conjurer)           Turns: 2461, Time: 00:08:09

Health: -5/33      AC:  5    Str: 11      XL:     4   Next: 42%
Magic:  1/7        EV: 12    Int: 16      God:
Gold:   161        SH:  0    Dex: 10 (11) Spells: 3 memorised, 1 level left

rFire  . . .     SeeInvis .     (no weapon)
rCold  . . .     Gourm    .     (armour unavailable)
rNeg   . . .     Faith    .     (no shield)
rPois  .         Spirit   .     (helmet restricted)
rElec  .         Dismiss  .     (no cloak)
rCorr  .         Reflect  .     (no gloves)
SustAt .         Harm     .     (no boots)
MR     .....                    (no amulet)
Stlth  ++........               (no ring)
                                (no ring)

@: not resistant to hostile enchantments, unstealthy
A: unfitting armour, deterioration 1, regeneration 1, wild magic 1,
cold-blooded, AC +5
a: no special abilities


You were on level 3 of the Dungeon.
You were not hungry.

You visited 1 branch of the dungeon, and saw 3 of its levels.

You collected 161 gold pieces.

Inventory:

Missiles
 g - 12 arrows
 r - 18 stones (quivered)
 s - 18 poisoned needles
Jewellery
 n - an uncursed ring of magical power {unknown}
 p - an uncursed ring of protection from fire {unknown}
 x - an uncursed ring of positive energy {unknown}
Scrolls
 c - 2 scrolls of blinking {unknown}
 e - 4 scrolls of identify {unknown}
 i - a scroll of immolation {unknown}
 k - 2 scrolls of magic mapping {unknown}
 m - a scroll of remove curse {unknown}
 t - 4 scrolls of amnesia {unknown}
Potions
 h - a potion of mutation
 j - a potion of degeneration {unknown}
 l - a potion of might {unknown}
 q - a potion of brilliance {unknown}
 z - a potion of agility {unknown}
Books
 a - a book of Conjurations

   Spells                             Type                      Level
   a - Magic Dart                     Conjuration                  1
   b - Searing Ray                    Conjuration                  2
   c - Dazzling Spray                 Conjuration/Hexes            3
   d - Fulminant Prism                Conjuration/Hexes            4
   e - Iskenderun's Mystic Blast      Conjuration                  4
   f - Iskenderun's Battlesphere      Conjuration/Charms           5
Comestibles
 b - 3 bread rations
 f - 2 beef jerkies
 o - a royal jelly
 u - 2 fruits
 v - 8 chunks of flesh
 w - a meat ration


   Skills:
 + Level 0.2 Fighting
 + Level 1.4 Throwing
 + Level 2.6 Dodging
 + Level 1.9 Stealth
 + Level 2.4 Spellcasting
 + Level 4.7 Conjurations


You had one spell level left.
You knew the following spells:

 Your Spells              Type           Power        Failure   Level  Hunger
a - Magic Dart            Conj           ###.         6%          1    #......
b - Searing Ray           Conj           ###...       10%         2    ###....
c - Dazzling Spray        Conj/Hex       ##....       36%         3    ###....


Dungeon Overview and Level Annotations

Branches:
Dungeon (3/15)

Altars:
Fedhas
Zin


Innate Abilities, Weirdness & Mutations

Your plain brown scales are hard. (AC +5)
Your body does not fit into most forms of armour.
You are cold-blooded and may be slowed by cold attacks.
Your body sometimes deteriorates upon taking damage.
Your natural rate of healing is unusually fast.
Your spells are a little harder to cast, but a little more powerful.


Message History

You kill the quokka!
You aren't carrying any items that you can evoke.
Throwing (i - inventory):
r - 19 stones (quivered)
Press: ? - help, Shift-Dir - straight line, f/p - orc
Aim: an orc, wielding a hand axe You throw a stone.
The stone barely misses the orc.
The stone closely misses the orc priest.
The stone closely misses the orc.
The orc closely misses you.
The orc priest invokes the aid of Beogh against you.
Beogh smites you!
It was a potion of mutation.
You feel extremely strange.
You feel yourself wasting away.
You begin to heal more quickly.
You feel less in control of your magic.
The orc hits you with a dagger of protection.
Your body deteriorates!
You feel clumsy.
Drop what? 24/52 slots (_ for help) (? for menu, Esc to quit)
Okay, then.
The orc priest calls down the wrath of Beogh upon you.
Beogh smites you!
You die...

#...##.# #..# #.####.#
#.## #......# #o#
#.###### #.# #.#
######### #o# ##.##
#.......# #r#
#<..###.#####.# #.#
#....รท.....##.######.#
#...###.##...@o.oo(..#
##### #.......########
####..### ####


You could see an orc priest and 2 orcs.

Vanquished Creatures
  5 adders
  An ooze (D:2)
  A giant gecko (D:3)
  2 orcs (D:3)
  5 giant cockroaches
  3 goblins
  2 hobgoblins (D:2)
  6 jackals
  6 kobolds
  3 quokkas
  4 bats
  2 giant newts
  4 rats
44 creatures vanquished.

Notes
Turn   | Place    | Note
-------+----------+-------------------------------------------
     0 | D:1      | Gagarin the Draconian Conjurer began the quest for the Orb.
     0 | D:1      | Reached XP level 1. HP: 14/14 MP: 3/3
   591 | D:1      | Reached XP level 2. HP: 20/20 MP: 0/5
   602 | D:1      | Learned a level 2 spell: Searing Ray
  1630 | D:2      | Found a glowing silver altar of Zin.
  1743 | D:2      | Reached XP level 3. HP: 26/26 MP: 3/6
  1993 | D:2      | Reached skill level 1 in Throwing
  2090 | D:3      | Reached XP level 4. HP: 33/33 MP: 0/7
  2099 | D:3      | Learned a level 3 spell: Dazzling Spray
  2221 | D:3      | Found a blossoming altar of Fedhas.
  2459 | D:3      | Gained mutation: Your body sometimes deteriorates upon taking damage. [potion of mutation]
  2459 | D:3      | Gained mutation: Your natural rate of healing is unusually fast. [potion of mutation]
  2459 | D:3      | Gained mutation: Your spells are a little harder to cast, but a little more powerful. [potion of mutation]
  2461 | D:3      | Killed from afar by an orc priest

Vault maps used:
D:1:      onia_arrival_pentagram
D:2:      zin_academy
D:3:      first_bread, fedhas_altar_3

Skill      XL: |  1  2  3 |
---------------+----------+-----
Dodging        | 2 |  2.6
Throwing       | 1 |  1.4
Fighting       | |  0.2
Stealth        | |  1.9
Spellcasting   | |  2.4
Conjurations   | |  4.7

Action                   |  1- 3 |  4- 6 || total
-------------------------+-------+-------++-------
Melee: Unarmed           |    21 |     1 ||    22
       Tailslap          |     1 |       ||     1
Throw: Tomahawk          |    29 |     8 ||    37
       Stone             |     4 |     3 ||     7
 Cast: Magic Dart        |    63 |    16 ||    79
       Searing Ray       |     1 |     2 ||     3
  Use: Potion            |     2 |     1 ||     3
  Eat: Chunk             |     5 |     1 ||     6
Armor: Skin              |    23 |     4 ||    27
Dodge: Dodged            |    63 |    16 ||    79
